[Event "Team 45 45 League T32"]
[Site "Internet Chess Club"]
[Date "2007.02.20"]
[Round "5"]
[White "Kolibri"]
[Black "nardz"]
[Result "0-1"]
[WhiteElo "2031"]
[BlackElo "2162"]
[ECO "B84"]
[TimeControl "2700+45"]

1. e4 c5 2. Nf3 d6 3. d4 cxd4 4. Nxd4 Nf6 5. Nc3 a6 6. Be2 e6 7. O-O Be7 8. Be3
Qc7 9. a4 Nc6 10. f4 O-O 11. Qd2 Re8 12. Bf3 Bd7 13. Rad1 Rab8 14. h3 Na5 15.
Qf2 b5 16. axb5 axb5 17. Nb3 Nc4 18. Bc1 b4 19. Nb1 Bc6 20. Rfe1 Ba8 21. N1d2
Nb6 22. Nf1 Rec8 23. Re2 Na4 24. e5 Nd5 25. exd6 Bxd6 26. g3 Nf6 27. Bxa8 Rxa8
28. Nh2 Rd8 29. Rde1 Nd5 30. Nf3 Rac8 31. Nfd4 Qb6 32. Nf3 Qb8 33. Nfd4 Rc4 34.
Kg2 Qb6 35. Rd1 Rdc8 36. Rdd2 h6 37. Nf3 Qc7 38. Nfd4 Qb8 39. Na5 R4c7 40. Nab3
Nc5 41. Qf3 Nxb3 42. Nxb3 g6 43. Qe4 Qb6 44. Rd1 Rc4 45. Rd4 Qc7 46. Rxc4 Qxc4
47. Qxc4 Rxc4 48. Kf3 Kf8 49. Na5 Rc7 50. Nb3 h5 51. Nd4 Rc4 52. Nb5 Bb8 53. b3
Rc5 54. Nd4 Rc3+ 55. Be3 Ba7 56. Ke4 f5+ 57. Ke5 Rxe3+ 58. Rxe3 Nxe3 59. Nc6 Bc5
60. Nd8 Bb6 61. Nxe6+ Ke7 62. Ng5 Nxc2 63. Nf3 Bf2 64. Nh4 Kf7 {White resigns}
0-1

[Event "Team 45 45 League T32"]
[Site "Internet Chess Club"]
[Date "2007.02.16"]
[Round "5"]
[White "SpikeyJ"]
[Black "baumhauer"]
[Result "1-0"]
[WhiteElo "2119"]
[BlackElo "2026"]
[ECO "A11"]
[TimeControl "2700+45"]

1. c4 c6 2. g3 Nf6 3. Bg2 d5 4. Nf3 Nbd7 5. cxd5 Nxd5 6. d4 g6 7. O-O Bg7 8. Nc3
O-O 9. e4 Nc7 10. Qc2 Nb6 11. Rd1 Bg4 12. Ne2 Qd7 13. Ne5 Bxe5 14. dxe5 Qc8 15.
f3 Be6 16. Bh6 Re8 17. Nd4 Bh3 18. a4 Bxg2 19. Kxg2 Ne6 20. a5 Nxd4 21. Rxd4 Nd7
22. e6 fxe6 23. Rxd7 Qxd7 24. Qc3 e5 25. Qxe5 e6 26. Rd1 Qf7 27. Be3 Rf8 28. f4
Qf6 29. Qc7 Rf7 30. Bd4 Rxc7 31. Bxf6 Kf7 32. Bd8 Rcc8 33. Bg5 Ke8 34. Rd6 Rc7
35. Rxe6+ Kf7 36. Rf6+ Kg7 37. Rd6 Rf8 38. e5 h6 39. Bd8 Rc8 40. Bf6+ Kg8 41.
Kf3 b6 42. a6 Rc7 43. g4 c5 44. Ke4 b5 45. Bd8 Rc8 46. Ba5 Kg7 47. f5 gxf5+ 48.
gxf5 h5 49. e6 Kf6 50. Bc3+ Kg5 51. e7 Rg8 52. Bf6+ {Black resigns} 1-0

[Event "Team 45 45 League T32"]
[Site "Internet Chess Club"]
[Date "2007.02.19"]
[Round "5"]
[White "Milo"]
[Black "iwulu"]
[Result "1-0"]
[WhiteElo "2474"]
[BlackElo "2201"]
[ECO "B01"]
[TimeControl "2700+45"]

1. e4 d5 2. exd5 Qxd5 3. Nc3 Qa5 4. Bc4 Nf6 5. d3 c6 6. Bd2 Qc7 7. Qe2 Bg4 8. f3
Bh5 9. g4 Bg6 10. f4 h6 11. f5 Bh7 12. O-O-O Nbd7 13. Nh3 Qe5 14. Ne4 Nxe4 15.
dxe4 Nc5 16. Rhe1 Na4 17. Bxf7+ Kxf7 18. Qc4+ Ke8 19. Qxa4 Qxh2 20. Nf4 Bg8 21.
Qb4 {Black resigns} 1-0

[Event "Team 45 45 League T32"]
[Site "Internet Chess Club"]
[Date "2007.02.18"]
[Round "5"]
[White "searchforbobby1"]
[Black "jpitt"]
[Result "1/2-1/2"]
[WhiteElo "2125"]
[BlackElo "2332"]
[ECO "B22"]
[TimeControl "2700+45"]

1. e4 c5 2. c3 Nf6 3. e5 Nd5 4. d4 cxd4 5. cxd4 d6 6. Nf3 Nc6 7. Bc4 Nb6 8. Bb5
dxe5 9. Nxe5 Bd7 10. Bxc6 Bxc6 11. Nxc6 bxc6 12. O-O g6 13. Re1 Bg7 14. Bg5 O-O
15. Bxe7 Qxd4 16. Nc3 Rfe8 17. Qf3 Nc4 18. Qxc6 Ne5 19. Qc5 Nd3 20. Qxd4 Bxd4
21. Red1 Bxf2+ 22. Kf1 Rxe7 23. Rxd3 Bb6 24. Nd5 Re5 25. Nxb6 axb6 26. a3 Rc8
27. Rad1 Rc2 28. R1d2 Rc1+ 29. Rd1 Rc2 30. R1d2 Rc1+ 31. Kf2 h5 32. Rd1 Rc2+ 33.
R1d2 Rc1 34. Rd1 Rc2+ 35. R1d2 Rc1 36. Rd1 Rc2+ 37. R1d2 {Game drawn by
repetition} 1/2-1/2

[Event "Team 45 45 League T32"]
[Site "Internet Chess Club"]
[Date "2007.02.17"]
[Round "5"]
[White "Zebbile"]
[Black "gracey"]
[Result "1-0"]
[WhiteElo "2151"]
[BlackElo "2096"]
[ECO "E39"]
[TimeControl "2700+45"]

1. d4 Nf6 2. c4 e6 3. Nc3 Bb4 4. Qc2 c5 5. dxc5 O-O 6. Nf3 Na6 7. a3 Bxc3+ 8.
Qxc3 Nxc5 9. g3 Nfe4 10. Qc2 d6 11. b4 Qf6 12. Bb2 Nd3+ 13. exd3 Qxf3 14. Rg1
Nf6 15. Be2 Qf5 16. O-O-O a5 17. b5 Qxf2 18. Rdf1 Qc5 19. g4 e5 20. g5 Nd7 21.
Rg3 d5 22. Rh3 d4 23. Bf3 Qc7 24. Be4 Nf6 25. gxf6 Bxh3 26. Qd2 Bxf1 27. Qg5
{Black resigns} 1-0

[Event "Team 45 45 League T32"]
[Site "Internet Chess Club"]
[Date "2007.02.16"]
[Round "5"]
[White "MikeMike"]
[Black "mint-tea"]
[Result "1/2-1/2"]
[WhiteElo "1976"]
[BlackElo "1790"]
[ECO "C47"]
[TimeControl "2700+45"]

1. e4 e5 2. Nf3 Nc6 3. Nc3 Nf6 4. d4 exd4 5. Nxd4 Bb4 6. Nxc6 bxc6 7. Bd3 d5 8.
exd5 cxd5 9. O-O O-O 10. Bg5 c6 11. Qf3 Be7 12. Ne2 h6 13. Bh4 Rb8 14. Nd4 Ne4
15. Bxe7 Qxe7 16. Nxc6 Qc7 17. Nxb8 Qxb8 18. Bxe4 dxe4 19. Qxe4 Qxb2 20. Rfb1
Qf6 21. Qe3 Bf5 22. Rc1 Rc8 23. c3 a6 24. h3 Rc4 25. a4 Bd7 26. a5 Bc6 27. Rab1
Qg6 28. Qg3 Qf5 29. Rb4 Rc5 30. Rb6 Qe4 31. Rb4 Qxb4 32. cxb4 Rxc1+ 33. Kh2 Bb5
34. Qb8+ Kh7 35. Qd6 Rc4 36. g4 g5 37. Kg3 Rf4 38. h4 Be2 39. Qd7 Rf3+ 40. Kg2
Rf4 41. hxg5 hxg5 42. Qd5 Rxg4+ 43. Kh3 Rh4+ 44. Kg3 Rg4+ {Game drawn by mutual
agreement} 1/2-1/2

[Event "Team 45 45 League T32"]
[Site "Internet Chess Club"]
[Date "2007.02.18"]
[Round "5"]
[White "Chess-Cat"]
[Black "DaveTheRook"]
[Result "0-1"]
[WhiteElo "1432"]
[BlackElo "1671"]
[ECO "A47"]
[TimeControl "2700+45"]

1. d4 Nf6 2. Nf3 b6 3. Bg5 Bb7 4. Nbd2 h6 5. Bxf6 exf6 6. e4 d5 7. Bd3 Bd6 8. e5
fxe5 9. dxe5 Be7 10. Qe2 O-O 11. e6 Bf6 12. exf7+ Rxf7 13. O-O-O Re7 14. Ne4
dxe4 15. Bc4+ Kh7 16. Rxd8 exf3 17. Bg8+ Kg6 18. Qd3+ Be4 19. Qb3 fxg2 20. Rg1
Bg5+ 21. Kb1 Nc6 22. Rxa8 Nd4 23. Qc4 Nf3 24. Rd1 Nd2+ {White forfeits on time}
0-1

[Event "Team 45 45 League T32"]
[Site "Internet Chess Club"]
[Date "2007.02.19"]
[Round "5"]
[White "boozehound"]
[Black "BrerRabbit"]
[Result "1/2-1/2"]
[WhiteElo "1736"]
[BlackElo "1518"]
[ECO "B20"]
[TimeControl "2700+45"]

1. e4 c5 2. c4 Nc6 3. Nc3 Nf6 4. g3 b6 5. Bg2 e5 6. Nge2 Be7 7. O-O O-O 8. d3
Bb7 9. f4 d6 10. a3 Bc8 11. h3 Bd7 12. Kh2 Qc8 13. f5 Qd8 14. Rb1 a5 15. Bg5 Ne8
16. Bd2 Bg5 17. Nd5 Bxd2 18. Qxd2 Nf6 19. Ndc3 Na7 20. a4 {Game drawn by mutual
agreement} 1/2-1/2

[Event "Team 45 45 League T32"]
[Site "Internet Chess Club"]
[Date "2007.02.19"]
[Round "5"]
[White "Katie"]
[Black "Kingofknights"]
[Result "1-0"]
[WhiteElo "1645"]
[BlackElo "1690"]
[ECO "D00"]
[TimeControl "2700+45"]

1. d4 d5 2. Bf4 Nf6 3. e3 c5 4. c3 Nc6 5. Nf3 Bg4 6. Nbd2 a6 7. Bd3 e6 8. Qb1
Bh5 9. Ne5 cxd4 10. exd4 Nxe5 11. Bxe5 Nd7 12. Bf4 b5 13. O-O Bg6 14. Bxg6 hxg6
15. Nf3 Be7 16. Re1 g5 17. Be5 Nxe5 18. Nxe5 Qc7 19. Qd3 Rh6 20. Qf3 Bf6 21. g3
O-O-O 22. b3 Bxe5 23. Rxe5 Rdh8 24. c4 bxc4 25. bxc4 dxc4 26. Rc5 Rf6 27. Rxc7+
Kxc7 28. Qe2 Rd8 29. Qxc4+ Kd7 30. Rb1 Ke8 31. Qc5 Rf5 32. Qc6+ Kf8 33. Qc7 Rfd5
34. Rb7 {Black resigns} 1-0

[Event "Team 45 45 League T32"]
[Site "Internet Chess Club"]
[Date "2007.02.17"]
[Round "5"]
[White "g8wrb"]
[Black "houseofcook"]
[Result "1-0"]
[WhiteElo "1434"]
[BlackElo "1327"]
[ECO "C02"]
[TimeControl "2700+45"]

1. e4 e6 2. d4 d5 3. e5 c5 4. c3 Nc6 5. Nf3 Qb6 6. a3 cxd4 7. cxd4 Bd7 8. Be2
Nge7 9. b4 Nf5 10. Bb2 a6 11. O-O Rc8 12. Qd3 Na5 13. Nbd2 Bb5 14. bxa5 Bxd3 15.
axb6 Bxe2 16. Rfc1 Bc4 17. a4 Bb4 18. Bc3 Be7 19. a5 O-O 20. Rc2 Bd3 21. Rcc1
Bc4 22. g4 Nh4 23. Nxh4 Bxh4 24. Ra4 Bg5 25. Bb4 Rfe8 26. Rc2 Rc6 27. Nxc4 dxc4
28. Bc5 Rec8 29. Raxc4 g6 30. Kg2 Be7 31. Kf3 Bxc5 32. Rxc5 Rxc5 33. Rxc5 Rxc5
34. dxc5 Kf8 35. Kf4 Ke8 36. Kg5 h5 37. gxh5 gxh5 38. Kxh5 Kd7 39. Kg5 Kc6 40.
h4 Kxc5 41. h5 Kd5 42. Kf6 {Black resigns} 1-0

[Event "Team 45 45 League T32"]
[Site "Internet Chess Club"]
[Date "2007.02.17"]
[Round "5"]
[White "OldBoy"]
[Black "Fegary"]
[Result "0-1"]
[WhiteElo "1528"]
[BlackElo "1742"]
[ECO "B07"]
[TimeControl "2700+45"]

1. e4 d6 2. c3 Nf6 3. d3 g6 4. Nf3 Bg7 5. Be2 Nc6 6. Nbd2 O-O 7. O-O e5 8. d4
exd4 9. Nxd4 Ne7 10. Qc2 c5 11. N4f3 Nc6 12. Nc4 d5 13. exd5 Bf5 14. Bd3 Bxd3
15. Qxd3 Qxd5 16. Qxd5 Nxd5 17. Nd6 b6 18. Rd1 Nc7 19. Bf4 Rfd8 20. Nxf7 Kxf7
21. Bxc7 Rxd1+ 22. Rxd1 Re8 23. Kf1 Bf6 24. Rd7+ Re7 25. Rxe7+ Kxe7 26. Nd2 Ke6
27. Ne4 Bg7 28. h4 h6 29. Ke2 Kd5 30. f3 b5 31. Bf4 Nd8 32. Be3 Ne6 33. Kd3 c4+
34. Kc2 a6 35. g4 h5 36. gxh5 gxh5 37. Ng3 Bf6 38. Nxh5 Bxh4 39. Nf4+ Nxf4 40.
Bxf4 a5 41. Kd2 Be7 42. Ke3 a4 43. Bc7 a3 44. bxa3 Bxa3 45. Ba5 Bc1+ 46. Ke2 Bh6
47. Kd1 Ke6 48. Kc2 Kf5 49. Kb2 Bg7 50. Ka3 Bf8+ 51. Bb4 Bg7 52. Kb2 Kf4 53. a4
bxa4 54. Ka3 Kxf3 55. Kxa4 Ke3 56. Kb5 Kd3 57. Ka4 Bxc3 58. Bxc3 Kxc3 59. Ka3
Kd2 60. Kb2 c3+ {White resigns} 0-1

[Event "Team 45 45 League T32"]
[Site "Internet Chess Club"]
[Date "2007.02.17"]
[Round "5"]
[White "lw"]
[Black "allanchs"]
[Result "0-1"]
[WhiteElo "1517"]
[BlackElo "1545"]
[ECO "C28"]
[TimeControl "2700+45"]

1. e4 e5 2. Bc4 Nf6 3. Nc3 Nc6 4. Nf3 Bc5 5. d3 d6 6. Bg5 Be6 7. Bb5 O-O 8. Qd2
Nd4 9. Nxd4 Bxd4 10. h4 c6 11. Bc4 b5 12. Bxe6 fxe6 13. h5 Qb6 14. O-O-O Bxf2
15. h6 g6 16. Kb1 Bd4 17. Rdf1 Nh5 18. Rxf8+ Rxf8 19. Rxh5 gxh5 20. a3 Qb7 21.
Bf6 Rxf6 22. Qg5+ Rg6 23. Qd8+ Kf7 24. Qh8 Rxh6 25. Ne2 Be3 26. d4 exd4 27. Nxd4
Bxd4 28. Qxd4 e5 29. Qd1 Kg8 30. Qf3 Qf7 31. Qh3 Rf6 32. Qc8+ Kg7 33. Qxc6 Rf1#
{White checkmated} 0-1

[Event "Team 45 45 League T32"]
[Site "Internet Chess Club"]
[Date "2007.02.18"]
[Round "5"]
[White "Berkshires"]
[Black "chesskix"]
[Result "0-1"]
[WhiteElo "1487"]
[BlackElo "1494"]
[ECO "B10"]
[TimeControl "2700+45"]

1. e4 c6 2. Nf3 d5 3. exd5 cxd5 4. d4 a6 5. Nc3 Nf6 6. Bd3 Nc6 7. Bg5 Bg4 8. Be2
g6 9. h3 Be6 10. Qd2 Ne4 11. Nxe4 dxe4 12. Ne5 Nxd4 13. Rd1 Bg7 14. Qxd4 Qxd4
15. Rxd4 Bxe5 16. Rb4 b5 17. Rxe4 Bxb2 18. O-O Bf6 19. Be3 Bxa2 20. Bf3 Rc8 21.
Bd4 Bxd4 22. Rxd4 Rxc2 23. Rfd1 O-O 24. Bb7 a5 25. Re1 e6 26. Be4 Rb2 27. Bd3 a4
28. Re5 Rb8 29. Rc5 b4 30. Rc7 Bd5 31. Rf4 Rf8 32. h4 a3 33. Ra7 a2 34. Kh2 b3
35. h5 Rd2 36. Rd4 Rxf2 37. hxg6 fxg6 38. Rh4 Rxg2+ 39. Kh3 Rf7 40. Rxf7 Kxf7
41. Rxh7+ Kf6 42. Ra7 Rg1 43. Kh2 Rh1+ 44. Kg3 a1=Q 45. Rxa1 Rxa1 46. Kf2 b2 47.
Ke2 Ba2 48. Kd2 Bb1 49. Bc4 Bf5 {White resigns} 0-1

[Event "Team 45 45 League T32"]
[Site "Internet Chess Club"]
[Date "2007.02.17"]
[Round "5"]
[White "DocHoliday"]
[Black "Avedldesierto"]
[Result "1/2-1/2"]
[WhiteElo "1959"]
[BlackElo "1686"]
[ECO "E06"]
[TimeControl "2700+45"]

1. d4 Nf6 2. c4 e6 3. Nf3 Be7 4. g3 O-O 5. Bg2 d5 6. O-O dxc4 7. Nc3 Nc6 8. Bg5
Nd5 9. Bxe7 Ncxe7 10. Qa4 Nb6 11. Qc2 Ned5 12. a3 a6 13. Rfd1 Nxc3 14. bxc3 Bd7
15. a4 Bc6 16. a5 Nc8 17. h4 h6 18. e4 f6 19. Nd2 b5 20. axb6 Nxb6 21. Bh3 Qd6
22. Ra5 e5 23. dxe5 fxe5 24. Nxc4 Qf6 25. Qa2 Nxc4 26. Qxc4+ Kh8 27. Rf1 Bb5 28.
Rxb5 axb5 29. Qxb5 Ra2 30. Qc5 Qd6 31. Qc4 Qd2 32. Bf5 g6 33. Qc5 Qd6 34. Qxd6
cxd6 35. Bxg6 Rf3 36. c4 Rc3 37. Bf7 Rcc2 38. Bd5 Ra6 39. Rb1 Rca2 40. Rb8+ Kg7
41. c5 Ra1+ 42. Kg2 dxc5 43. Re8 Kf6 44. Rc8 Rc1 45. Rf8+ Ke7 46. Rf7+ Ke8 47.
Rf5 c4 48. Rxe5+ Kd7 49. Rf5 c3 50. Rf3 c2 51. Rc3 Raa1 52. Kf3 Rab1 53. Bc6+
Ke7 54. Ba4 Rb2 55. Kg4 Rb4 56. Rxc2 Rxc2 57. Bxc2 Rb2 58. Ba4 Rxf2 59. Bc6 Rf6
60. Bd5 Kd6 61. Kh5 Ke5 62. g4 Kf4 63. g5 hxg5 64. hxg5 Rf8 65. Kh6 Ke5 66. g6
Rf2 67. g7 Rh2+ 68. Kg6 Rg2+ 69. Kf7 Rf2+ 70. Ke7 Rg2 71. Kf8 Rf2+ 72. Kg8 Rh2
73. Bc6 Rh3 74. Bd7 Rg3 75. Bf5 Kf6 76. Kf8 Rxg7 77. e5+ Kxe5 78. Kxg7 {Game
drawn because neither player has mating material} 1/2-1/2

[Event "Team 45 45 League T32"]
[Site "Internet Chess Club"]
[Date "2007.02.18"]
[Round "5"]
[White "BMAttack"]
[Black "stakastra"]
[Result "1-0"]
[WhiteElo "1568"]
[BlackElo "1585"]
[ECO "C57"]
[TimeControl "2700+45"]

1. Nf3 Nc6 2. e4 e5 3. Bc4 Nf6 4. Ng5 d5 5. exd5 Nxd5 6. Qh5 g6 7. Qf3 Be6 8.
Nxe6 fxe6 9. c3 Bg7 10. O-O Bf6 11. Bxd5 exd5 12. d4 O-O 13. dxe5 Bxe5 14. Qh3
Qe7 15. Be3 Rf5 16. Qg4 Raf8 17. Nd2 Qd7 18. Nf3 Qd6 19. h3 Bf4 20. Bxf4 Rxf4
21. Qg3 d4 22. Rad1 d3 23. Ne1 Ne5 24. Nxd3 Nxd3 25. Qxd3 Qb6 26. Rd2 R4f5 27.
Qc4+ R8f7 28. Rd8+ Kg7 29. Qd4+ R5f6 30. Qxb6 Rxb6 31. b3 Ra6 32. Rd2 Rc6 33. c4
a6 34. Rfd1 Rcf6 35. f3 Kh6 36. Rd7 c6 37. Kf2 b5 38. cxb5 axb5 39. R7d6 c5 40.
R6d5 Rc7 41. R1d2 b4 42. Rc2 Rfc6 43. Rc4 Ra6 44. Rdxc5 Rxa2+ 45. Kg3 Re7 46.
Rc2 Ra3 47. Rb2 Re3 48. Rb5 Raxb3 49. Rxb3 Rxb3 50. Kg4 Rb2 51. g3 b3 52. h4 Rb1
53. f4 b2 54. Rb7 Rg1 55. Rxb2 Kg7 56. Rb7+ Kf6 57. Rxh7 Rb1 58. Rc7 Rb6 59. Rc5
Kg7 60. Kg5 Rd6 61. Rc7+ Kg8 62. Kh6 Kf8 63. g4 Re6 64. Kg5 Rd6 65. f5 gxf5 66.
gxf5 Ke8 67. h5 Kf8 68. h6 Rd1 69. h7 Rh1 70. Kf6 {Black resigns} 1-0

[Event "Team 45 45 League T32"]
[Site "Internet Chess Club"]
[Date "2007.02.17"]
[Round "5"]
[White "peterdiplaros"]
[Black "Queen"]
[Result "0-1"]
[WhiteElo "1554"]
[BlackElo "1495"]
[ECO "D00"]
[TimeControl "2700+45"]

1. d4 d5 2. e3 Nf6 3. Bd3 c5 4. c3 Nc6 5. Nd2 e5 6. dxe5 Nxe5 7. Be2 Bd6 8. Ngf3
O-O 9. Nxe5 Bxe5 10. O-O Bc7 11. Re1 Bf5 12. Nf1 Qd7 13. a4 Ne4 14. Bb5 Qe6 15.
f3 Nd6 16. g4 Bg6 17. Bd3 Rae8 18. f4 Bxd3 19. Qxd3 Qxg4+ 20. Kf2 Ne4+ {White
resigns} 0-1

[Event "Team 45 45 League T32"]
[Site "Internet Chess Club"]
[Date "2007.02.18"]
[Round "5"]
[White "RD1974"]
[Black "corsair"]
[Result "1-0"]
[WhiteElo "1698"]
[BlackElo "1768"]
[ECO "C24"]
[TimeControl "2700+45"]

1. e4 e5 2. Bc4 Nf6 3. d3 Nc6 4. Nc3 Bc5 5. f4 d6 6. Nf3 Bg4 7. h3 Bxf3 8. Qxf3
Nd4 9. Qd1 exf4 10. Nb5 Nxb5 11. Bxb5+ c6 12. Ba4 Qa5+ 13. c3 Be3 14. Bxe3 fxe3
15. O-O Qg5 16. Qf3 O-O 17. Bb3 Rae8 18. Rae1 d5 19. Rxe3 dxe4 20. dxe4 Qc5 21.
Kh1 Re5 22. Rfe1 Rfe8 23. R1e2 Qe7 24. Re1 Nd5 25. R3e2 f5 26. exd5 Rxe2 27. d6+
Kh8 28. dxe7 Rxe1+ 29. Kh2 R1xe7 30. Qxf5 Re5 31. Qd7 R5e7 32. Qf5 Re5 33. Qf3
Re3 34. Qf2 h6 35. Bc2 Kg8 36. Qf5 R3e5 37. Qh7+ Kf8 38. Bg6 {Black resigns} 1-0

[Event "Team 45 45 League T32"]
[Site "Internet Chess Club"]
[Date "2007.02.18"]
[Round "5"]
[White "matthewc"]
[Black "Theodulf"]
[Result "0-1"]
[WhiteElo "1526"]
[BlackElo "1675"]
[ECO "D04"]
[TimeControl "2700+45"]

1. d4 d5 2. e3 Nf6 3. Nf3 Bf5 4. Be2 Nbd7 5. b3 e6 6. O-O Ne4 7. Bb2 Be7 8. Nbd2
Nxd2 9. Qxd2 Bf6 10. c4 c6 11. cxd5 exd5 12. Rac1 O-O 13. Bd3 Bxd3 14. Qxd3 Be7
15. e4 dxe4 16. Qxe4 Nf6 17. Qe2 Nd5 18. Rfe1 Qc7 19. Qd3 f6 20. Qf5 Rad8 21.
Re4 Qd7 22. Qh5 Qe8 23. Qf5 Qf7 24. Rce1 Bb4 25. Rc1 g6 26. Rg4 Kh8 27. Qd3 Rde8
28. Re4 Rxe4 29. Qxe4 Re8 30. Qd3 Nf4 31. Qc4 Qe7 32. Ra1 Nd5 33. h3 Qe2 34.
Qxe2 Rxe2 35. a3 Rxb2 36. axb4 a6 37. Re1 Rxb3 38. Re8+ Kg7 39. Nd2 Rxb4 40. Ne4
Rxd4 41. Nd6 a5 42. Ra8 Rb4 43. Rxa5 f5 44. Ra7 Kf6 45. Nxb7 Ne7 46. g3 Re4 47.
Ra6 Re1+ 48. Kg2 Rc1 49. Rb6 Ke5 50. Rb3 Nd5 51. h4 c5 52. Rb5 c4 53. Rc5 c3 54.
Na5 c2 55. Nb3 Rb1 56. Rxc2 Rxb3 57. Ra2 Rb7 58. Re2+ Kf6 59. Rd2 Rd7 60. Ra2
Rd6 61. Ra7 h5 62. Ra8 Nc3 63. Ra3 Ne4 64. Rf3 Rd2 65. Rf4 Ke5 66. Rf3 Kd4 67.
Rf4 Kd3 68. Rf3+ Kc2 69. Rf4 Kd1 70. Rf3 Ke1 71. Re3+ Re2 72. Rxe2+ Kxe2 73. f3
Nf6 74. g4 hxg4 75. fxg4 Nxg4 76. Kg3 Ke3 77. Kg2 f4 78. Kg1 f3 79. Kf1 f2 80.
Kg2 Ke2 81. Kg3 Nf6 82. Kf4 f1=Q+ 83. Kg5 Qf5+ 84. Kh6 Ne8 85. Kh7 Qh5+ 86. Kg8
Qxh4 87. Kf7 Ke3 88. Kxg6 Ke4 89. Kf7 Kf5 90. Kxe8 Ke6 91. Kf8 Qh8# {White
checkmated} 0-1

[Event "Team 45 45 League T32"]
[Site "Internet Chess Club"]
[Date "2007.02.17"]
[Round "5"]
[White "Aquaman"]
[Black "kingphisch"]
[Result "1/2-1/2"]
[WhiteElo "1504"]
[BlackElo "1602"]
[ECO "A15"]
[TimeControl "2700+45"]

1. c4 Nf6 2. g3 Nc6 3. Bg2 g6 4. Nc3 Bg7 5. e4 e5 6. Nge2 d6 7. O-O O-O 8. d3
Bg4 9. Qc2 Qd7 10. f4 exf4 11. Nxf4 Nd4 12. Qf2 c5 13. Be3 Ne8 14. Rab1 Rb8 15.
Qd2 b5 16. cxb5 Nxb5 17. Nxb5 Qxb5 18. b3 Nc7 19. Ne2 Rfe8 20. Nc3 Qb4 21. Rbc1
a5 22. Kh1 Be6 23. Ne2 Ra8 24. Nf4 Nb5 25. Ne2 Nd4 26. Nxd4 Bxd4 27. Qxb4 axb4
28. Bxd4 cxd4 29. Rf2 Rec8 30. Rcc2 Rc3 31. Bf1 Rac8 32. Rb2 Rc1 33. Kg2 R8c3
34. Rfd2 Bh3+ 35. Kxh3 Rxf1 36. Kg2 Rfc1 37. h4 Kg7 38. Kf3 Rf1+ 39. Kg4 h5+ 40.
Kh3 Rf3 41. Kg2 Rfxd3 42. Rxd3 Rxd3 43. Kf2 Rc3 44. Ke2 Rxg3 45. Rd2 Rg4 46.
Rxd4 Rxh4 47. Ke3 Rh2 48. Rxd6 Rxa2 49. Rb6 h4 50. Rxb4 h3 51. Rd4 h2 52. Rd1
Ra3 53. Rh1 Rxb3+ 54. Kf2 Rb2+ 55. Kg3 Kf6 56. Kf4 g5+ 57. Kg3 Ke5 58. Kf3 f6
59. Ke3 f5 60. exf5 Kxf5 61. Kf3 g4+ 62. Kg3 Re2 63. Rxh2 Rxh2 64. Kxh2 Kf4 65.
Kg2 Kf5 66. Kg3 Kg5 67. Kg2 Kh4 68. Kh2 Kg5 69. Kg3 Kf5 70. Kg2 Kf4 71. Kf2 g3+
72. Kg2 Kg4 73. Kg1 Kh3 74. Kh1 Kg4 75. Kg2 Kf4 76. Kg1 Kg4 77. Kg2 Kh4 78. Kg1
Kh3 79. Kh1 Kh4 80. Kg2 Kg4 81. Kg1 Kf5 82. Kg2 Kf4 83. Kg1 Kf3 84. Kf1 Ke3 85.
Kg2 Kf4 86. Kg1 Kf3 87. Kf1 {Game drawn by mutual agreement} 1/2-1/2

[Event "Team 45 45 League T32"]
[Site "Internet Chess Club"]
[Date "2007.02.18"]
[Round "5"]
[White "Kasparklunk"]
[Black "clarinetref"]
[Result "0-1"]
[WhiteElo "1478"]
[BlackElo "1575"]
[ECO "B09"]
[TimeControl "2700+45"]

1. e4 d6 2. d4 Nf6 3. Nc3 g6 4. f4 Bg7 5. Nf3 c5 6. dxc5 Qa5 7. Bd3 Qxc5 8. Qe2
Bg4 9. Be3 Qa5 10. O-O O-O 11. h3 Bxf3 12. Qxf3 Nc6 13. a3 a6 14. Bd2 Nd7 15.
Kh1 Nd4 16. Qd1 Qd8 17. Rb1 Nc5 18. Be3 Nxd3 19. Qxd3 Ne6 20. Nd5 Nc5 21. Bxc5
dxc5 22. c3 e6 23. Qc4 exd5 24. exd5 Qc7 25. Rbd1 Qd6 26. f5 b5 27. Qd3 c4 28.
Qc2 Rae8 29. fxg6 fxg6 30. Rxf8+ Rxf8 31. a4 Rf5 32. axb5 axb5 33. Qe4 Re5 34.
Qf3 Rf5 35. Qe4 Bf8 36. Qd4 Re5 37. Qa7 Rxd5 38. Rxd5 Qxd5 39. Qa1 {White
resigns} 0-1

[Event "Team 45 45 League T32"]
[Site "Internet Chess Club"]
[Date "2007.02.18"]
[Round "5"]
[White "Bug"]
[Black "ivanson"]
[Result "1/2-1/2"]
[WhiteElo "2118"]
[BlackElo "1943"]
[ECO "B02"]
[TimeControl "2700+45"]

1. e4 Nf6 2. d3 e5 3. Nf3 Nc6 4. c3 Be7 5. Be2 d5 6. Nbd2 O-O 7. Qc2 Re8 8. Nf1
b6 9. Ng3 d4 10. c4 Bb4+ 11. Kf1 h6 12. h3 Be6 13. a3 Bf8 14. b4 Nd7 15. Nf5 Ne7
16. g4 Ng6 17. Bd2 c5 18. Qc1 Nf6 19. Rb1 Bd6 20. Bd1 Bc7 21. Ba4 Nd7 22. Bc6
Rb8 23. Ra1 Nf4 24. Bxf4 exf4 25. b5 Bxf5 26. gxf5 Re7 27. Bxd7 Qxd7 28. f6 Re6
29. fxg7 Qe7 30. e5 Bxe5 31. Nxe5 Rxe5 32. Qxf4 Qg5 33. Qxg5 hxg5 34. Rg1 Rbe8
35. a4 Kxg7 36. h4 f6 37. hxg5 fxg5 38. a5 Kf6 39. axb6 axb6 40. Rg3 Kf5 41. Ra7
R8e7 42. Rf3+ Kg6 43. Ra8 Re8 44. Ra7 {Game drawn by mutual agreement} 1/2-1/2

[Event "Team 45 45 League T32"]
[Site "Internet Chess Club"]
[Date "2007.02.18"]
[Round "5"]
[White "cityprosecutor"]
[Black "morgado"]
[Result "0-1"]
[WhiteElo "1747"]
[BlackElo "1938"]
[ECO "B06"]
[TimeControl "2700+45"]

1. e4 g6 2. d3 Bg7 3. Nf3 d6 4. g3 Nf6 5. Bg2 c5 6. Nbd2 Nc6 7. O-O Bg4 8. h3
Bd7 9. a4 Qc8 10. Kh2 h5 11. Nc4 Qc7 12. Bf4 e5 13. Bd2 O-O-O 14. a5 d5 15. exd5
Nxd5 16. a6 b6 17. Ng5 Bf5 18. Ne4 Bxe4 19. Bxe4 h4 20. Qf3 Nd4 21. Qg2 Qd7 22.
b4 f5 23. Bxd5 Qxd5 24. Qxd5 Rxd5 25. bxc5 Rxc5 26. Rfb1 Nf3+ 27. Kg2 e4 28. Ra2
Rxc4 29. dxc4 Nxd2 30. Rd1 Nxc4 31. Rd5 e3 32. c3 Re8 33. Re2 Bxc3 34. Rd3 Bd2
35. fxe3 Bxe3 36. Rc3 b5 37. Rb3 Re5 38. Kf3 hxg3 39. Kxg3 f4+ 40. Kg4 Rd5 41.
h4 Kc7 42. Rc2 Kd6 43. Rg2 Kc5 44. Kh3 f3 45. Rxg6 Rf5 46. Rb1 f2 47. Kg2 Nd2
48. Rc1+ Kd5 49. Rg7 f1=Q+ 50. Rxf1 Nxf1 51. Rxa7 Bxa7 {White resigns} 0-1

[Event "Team 45 45 League T32"]
[Site "Internet Chess Club"]
[Date "2007.02.18"]
[Round "5"]
[White "tarheels"]
[Black "winerum"]
[Result "1-0"]
[WhiteElo "1798"]
[BlackElo "1675"]
[ECO "C45"]
[TimeControl "2700+45"]

1. e4 e5 2. Nf3 Nc6 3. d4 exd4 4. Nxd4 Nf6 5. Nxc6 bxc6 6. e5 Qe7 7. Qe2 Nd5 8.
c4 Ba6 9. b3 O-O-O 10. Qe4 Nb4 11. Bd2 d5 12. Qf5+ Kb8 13. cxd5 Bxf1 14. Kxf1
Rxd5 15. a3 Nd3 16. Nc3 Rd8 17. Bg5 Qd7 18. Qe4 Re8 19. Rd1 Qe6 20. Qxd3 Bxa3
21. Be3 Bb4 22. Bxa7+ Kb7 23. Ra1 c5 24. Qb5+ Kc8 25. Bxc5 c6 26. Ra8+ Kc7 27.
Qb6+ Kd7 28. Qb7# {Black checkmated} 1-0

[Event "Team 45 45 League T32"]
[Site "Internet Chess Club"]
[Date "2007.02.15"]
[Round "5"]
[White "Allessia"]
[Black "reinaroja"]
[Result "1/2-1/2"]
[WhiteElo "2236"]
[BlackElo "2202"]
[ECO "B26"]
[TimeControl "2700+45"]

1. e4 c5 2. Nc3 Nc6 3. g3 g6 4. Bg2 Bg7 5. d3 d6 6. Be3 e5 7. Qd2 Nge7 8. Nge2
Be6 9. O-O Qd7 10. a3 Nd4 11. Nd5 Nxd5 12. exd5 Bh3 13. Nxd4 cxd4 14. Bh6 O-O
15. Bxg7 Kxg7 16. Qb4 Bxg2 17. Kxg2 Rac8 18. c4 dxc3 19. bxc3 Rc5 20. c4 b5 21.
Rac1 Rfc8 22. Rc3 e4 23. dxe4 Rxc4 24. Rxc4 Rxc4 25. Qb2+ f6 26. Re1 a6 27. Re3
Qe7 28. f3 Qc7 29. Re2 Qc5 30. g4 g5 31. h3 Rc3 32. h4 h6 33. hxg5 hxg5 34. Rf2
Qxa3 35. Qd2 Kg6 36. Qd4 Qc5 37. Qxc5 dxc5 38. Ra2 b4 39. Rxa6 b3 40. Rb6 Rc2+
41. Kg3 c4 42. e5 Kf7 43. Rxf6+ Ke7 44. Re6+ Kd7 45. Rb6 b2 46. e6+ Ke7 47. Rb7+
Kd6 48. e7 Re2 49. Rxb2 Rxe7 50. Kf2 Kxd5 51. Rb5+ Kd4 52. Rxg5 c3 53. Rg8 Rc7
54. Rd8+ Ke5 55. Rd1 c2 56. Rc1 Kd4 57. Kg3 Kd3 58. g5 Kd2 59. Rxc2+ Rxc2 60.
Kf4 Kd3 61. g6 Kd4 62. Kf5 Rc5+ 63. Kf6 Rc6+ 64. Kf7 Ke5 65. g7 Rc7+ 66. Kg6
Rxg7+ 67. Kxg7 Kf4 68. Kg6 Kxf3 {Game drawn because neither player has mating
material} 1/2-1/2